[Event "41st Arco Open 2019"]
[Site "Arco"]
[Date "2019.10.09"]
[Round "6"]
[White "Horvath, Csaba"]
[Black "Petrov, Nikita"]
[Result "1/2-1/2"]
[ECO "D38"]
[WhiteElo "2503"]
[BlackElo "2586"]
[Annotator "RC"]
[PlyCount "20"]
[EventDate "2019.10.04"]
[EventType "swiss"]
[EventCountry "ITA"]
[SourceTitle "playchess.com"]
[Source "ChessBase"]
[SourceQuality "1"]
[TimeControl "40/5400+30:1800+30"]

1. d4 Nf6 2. c4 e6 3. Nf3 d5 4. Nc3 Bb4 5. Bg5 h6 6. Bxf6 Qxf6 7. e3 O-O 8. Rc1 dxc4 9. Bxc4 c5 10. O-O cxd4 1/2-1/2

[Event "41st Arco Open 2019"]
[Site "Arco"]
[Date "2019.10.09"]
[Round "6"]
[White "Favaloro, Andrea"]
[Black "Pasini, Nicolo"]
[Result "1/2-1/2"]
[ECO "A47"]
[WhiteElo "2338"]
[BlackElo "2234"]
[Annotator "RC"]
[PlyCount "63"]
[EventDate "2019.10.04"]
[EventType "swiss"]
[EventCountry "ITA"]
[SourceTitle "playchess.com"]
[Source "ChessBase"]
[SourceQuality "1"]
[TimeControl "40/5400+30:1800+30"]

1. Nf3 Nf6 2. g3 g6 3. b3 b6 4. Bb2 Bg7 5. Bg2 Bb7 6. O-O O-O 7. d4 c5 8. dxc5 bxc5 9. c4 e6 10. Nc3 Qe7 11. Qc2 Nc6 12. Rac1 Rac8 13. Qb1 d6 14. Rfd1 Rfd8 15. Rd2 d5 16. cxd5 exd5 17. Ng5 Nd4 18. e3 Nf5 19. Re1 Nd6 20. Qa1 h6 21. Nf3 Nde4 22. Rdd1 Ng4 23. Nxe4 dxe4 24. Nd2 Bxb2 25. Qxb2 f5 26. Nc4 Ba6 27. h3 Nf6 28. Bf1 Kg7 29. Qe5 Qxe5 30. Nxe5 Bxf1 31. Kxf1 Nd5 32. Rc1 1/2-1/2

[Event "41st Arco Open 2019"]
[Site "Arco"]
[Date "2019.10.09"]
[Round "6"]
[White "Welling, Gerard"]
[Black "Astengo, Corrado"]
[Result "1/2-1/2"]
[ECO "B40"]
[WhiteElo "2302"]
[BlackElo "2105"]
[Annotator "ChessBase"]
[PlyCount "52"]
[EventDate "2019.10.04"]
[EventType "swiss"]
[EventCountry "ITA"]
[SourceTitle "playchess.com"]
[Source "ChessBase"]
[SourceQuality "1"]
[TimeControl "40/5400+30:1800+30"]

1. e4 c5 2. Nf3 e6 3. Be2 Nc6 4. O-O Be7 5. c3 d5 6. exd5 Qxd5 7. Na3 Bd7 8. d4 cxd4 9. Nb5 Rc8 10. Nfxd4 a6 11. Bf3 Qc5 12. Nxc6 Bxc6 13. Bxc6+ Rxc6 14. Nd4 Rd6 15. Qe2 Nf6 16. Bf4 Rd7 17. Rad1 Qb6 18. Rfe1 O-O 19. Be5 Rfd8 20. Rd3 Ne8 21. Rh3 Bf6 22. Qc2 h6 23. Rhe3 Bxe5 24. Rxe5 Nf6 25. h3 Rd5 26. R5e2 Qd6 1/2-1/2

[Event "41st Arco Open 2019"]
[Site "Arco"]
[Date "2019.10.09"]
[Round "6"]
[White "Zwahr, Paul"]
[Black "Schroeder, Wilfried"]
[Result "0-1"]
[ECO "B12"]
[WhiteElo "2282"]
[BlackElo "2195"]
[Annotator "ChessBase"]
[PlyCount "42"]
[EventDate "2019.10.04"]
[EventType "swiss"]
[EventCountry "ITA"]
[SourceTitle "playchess.com"]
[Source "ChessBase"]
[SourceQuality "1"]
[TimeControl "40/5400+30:1800+30"]

1. e4 c6 2. d4 d5 3. e5 Bf5 4. Nf3 e6 5. Be2 Ne7 6. O-O Nd7 7. Nbd2 c5 8. Nb3 Nc6 9. Bf4 c4 10. Nc1 Be7 11. Re1 Nb4 12. g4 Bg6 13. h4 h6 14. h5 Bh7 15. Rf1 Nxc2 16. Rb1 Nxd4 17. Ra1 Nc2 18. Rb1 Ne3 19. Bxe3 Bxb1 20. Nd2 Bh7 21. f4 Bc5 0-1

[Event "41st Arco Open 2019"]
[Site "Arco"]
[Date "2019.10.09"]
[Round "6"]
[White "Bifulco, Michel"]
[Black "Medancic, Rikard"]
[Result "0-1"]
[ECO "D02"]
[WhiteElo "2261"]
[BlackElo "2146"]
[Annotator "ChessBase"]
[PlyCount "80"]
[EventDate "2019.10.04"]
[EventType "swiss"]
[EventCountry "ITA"]
[SourceTitle "playchess.com"]
[Source "ChessBase"]
[SourceQuality "1"]
[TimeControl "40/5400+30:1800+30"]

1. d4 d5 2. Nf3 Nf6 3. g3 Bg4 4. Bg2 e6 5. O-O Be7 6. h3 Bf5 7. c4 c6 8. Nc3 h6 9. Nd2 Nbd7 10. e4 dxe4 11. Ndxe4 O-O 12. Be3 Nxe4 13. Nxe4 Nf6 14. Nc3 Qa5 15. a3 Rac8 16. b4 Qa6 17. Qe2 Rfd8 18. Rfd1 Rd7 19. Bf1 b5 20. g4 Bg6 21. d5 cxd5 22. c5 e5 23. Qxb5 Qe6 24. Ra2 Rdd8 25. f4 exf4 26. Bxf4 Nxg4 27. Re2 Qf5 28. hxg4 Qxf4 29. Bg2 Bg5 30. Nxd5 Qxg4 31. c6 Bh5 32. c7 Qxe2 33. Qxe2 Bxe2 34. cxd8=Q+ Rxd8 35. Re1 Bc4 36. Ne7+ Kf8 37. Nc6 Rd3 38. Ne5 Re3 39. Rc1 Be6 40. Nc6 Rxa3 0-1

[Event "41st Arco Open 2019"]
[Site "Arco"]
[Date "2019.10.09"]
[Round "6"]
[White "Curien, Nicolas"]
[Black "Beulertz, Stefan"]
[Result "1-0"]
[ECO "C10"]
[WhiteElo "2261"]
[BlackElo "2035"]
[Annotator "ChessBase"]
[PlyCount "113"]
[EventDate "2019.10.04"]
[EventType "swiss"]
[EventCountry "ITA"]
[SourceTitle "playchess.com"]
[Source "ChessBase"]
[SourceQuality "1"]
[TimeControl "40/5400+30:1800+30"]

1. d4 e6 2. e4 d5 3. Nc3 a6 4. Nf3 Nf6 5. Bd3 c5 6. e5 Nfd7 7. dxc5 Nxc5 8. O-O Nc6 9. Re1 Nxd3 10. Qxd3 Be7 11. Ne2 Bd7 12. Ned4 Nb4 13. Qe2 O-O 14. c3 Nc6 15. Bf4 Rc8 16. Nxc6 Bxc6 17. Nd4 Bc5 18. Rad1 Qh4 19. Bg3 Qg5 20. h4 Qg6 21. Bf4 h6 22. Rd3 Kh8 23. h5 Qe4 24. Qd2 Qh7 25. g4 Bxd4 26. Rxd4 Bd7 27. Kg2 f6 28. exf6 gxf6 29. Bxh6 Rg8 30. f3 e5 31. Rxd5 Bc6 32. Be3 Bxd5 33. Qxd5 Rcd8 34. Qe6 Rgf8 35. Kg3 Qd7 36. Qb6 Rf7 37. Qb3 Qd5 38. Rd1 Qxd1 39. Qxf7 Qd6 40. Qxb7 e4+ 41. Kg2 exf3+ 42. Qxf3 Qd5 43. Bd4 Kg8 44. Qxd5+ Rxd5 45. Kf3 Kf7 46. a4 Ra5 47. b3 Kg7 48. c4 Rg5 49. b4 Kf7 50. b5 axb5 51. axb5 f5 52. gxf5 Rxf5+ 53. Kg4 Rf1 54. c5 Rb1 55. Kf5 Rxb5 56. h6 Rb1 57. h7 1-0

[Event "41st Arco Open 2019"]
[Site "Arco"]
[Date "2019.10.09"]
[Round "6"]
[White "Dittmar, Peter"]
[Black "Klings, Peter"]
[Result "1/2-1/2"]
[ECO "A56"]
[WhiteElo "2253"]
[BlackElo "2116"]
[Annotator "ChessBase"]
[PlyCount "49"]
[EventDate "2019.10.04"]
[EventType "swiss"]
[EventCountry "ITA"]
[SourceTitle "playchess.com"]
[Source "ChessBase"]
[SourceQuality "1"]
[TimeControl "40/5400+30:1800+30"]

1. d4 Nf6 2. c4 c5 3. dxc5 e6 4. Be3 Na6 5. Nc3 Nxc5 6. Qc2 Be7 7. b4 Na6 8. a3 b6 9. Nf3 Bb7 10. Bd2 Nc7 11. e3 O-O 12. Be2 d5 13. O-O dxc4 14. Bxc4 Ncd5 15. Nxd5 Bxd5 16. Bxd5 Qxd5 17. Rfd1 Rac8 18. Qa4 Qb7 19. Rac1 b5 20. Qb3 Ne4 21. Be1 Rxc1 22. Rxc1 Rc8 23. Qb1 Rxc1 24. Qxc1 Bf6 25. h3 1/2-1/2

[Event "41st Arco Open 2019"]
[Site "Arco"]
[Date "2019.10.09"]
[Round "6"]
[White "Scheftlein, Richard"]
[Black "Heidel, Andre Nicolas"]
[Result "1/2-1/2"]
[ECO "D12"]
[WhiteElo "2236"]
[BlackElo "2140"]
[Annotator "ChessBase"]
[PlyCount "67"]
[EventDate "2019.10.04"]
[EventType "swiss"]
[EventCountry "ITA"]
[SourceTitle "playchess.com"]
[Source "ChessBase"]
[SourceQuality "1"]
[TimeControl "40/5400+30:1800+30"]

1. d4 d5 2. c4 c6 3. Nf3 Nf6 4. e3 Bf5 5. Nc3 e6 6. Bd3 Bxd3 7. Qxd3 Nbd7 8. O-O Be7 9. e4 dxe4 10. Nxe4 Nxe4 11. Qxe4 Nf6 12. Qe2 O-O 13. Bg5 Re8 14. Rad1 Nd7 15. Bxe7 Qxe7 16. Rd3 Nb6 17. b3 Rad8 18. Rfd1 Qf6 19. Ne5 Rf8 20. Qh5 g6 21. Qh6 Qg7 22. Qf4 Nd7 23. Nf3 f6 24. Re1 Rfe8 25. Rde3 Nf8 26. h4 Re7 27. c5 Red7 28. g4 Rd5 29. g5 fxg5 30. hxg5 Rf5 31. Qg3 Rdd5 32. Re5 Qf7 33. R1e3 Qc7 34. b4 1/2-1/2

[Event "41st Arco Open 2019"]
[Site "Arco"]
[Date "2019.10.09"]
[Round "6"]
[White "Vezzosi, Paolo"]
[Black "Cardarelli, Angelo"]
[Result "1-0"]
[ECO "B38"]
[WhiteElo "2235"]
[BlackElo "2014"]
[Annotator "ChessBase"]
[PlyCount "73"]
[EventDate "2019.10.04"]
[EventType "swiss"]
[EventCountry "ITA"]
[SourceTitle "playchess.com"]
[Source "ChessBase"]
[SourceQuality "1"]
[TimeControl "40/5400+30:1800+30"]

1. c4 c5 2. Nf3 Nc6 3. d4 cxd4 4. Nxd4 g6 5. e4 Bg7 6. Be3 d6 7. Nc3 Nf6 8. Be2 O-O 9. O-O Bd7 10. Nc2 Ne8 11. Rb1 Nc7 12. Qd2 Ne6 13. Rfd1 b6 14. f3 Bc8 15. Nd5 Bb7 16. Bf1 Rc8 17. b3 Re8 18. h3 Nc5 19. Bg5 Ne6 20. Be3 Nc5 21. Na3 Ba8 22. b4 Ne6 23. Nb5 Rb8 24. Qf2 Rf8 25. Kh1 f5 26. exf5 Rxf5 27. Qg3 a6 28. Nbc3 Ned4 29. b5 axb5 30. cxb5 Nxf3 31. bxc6 Bxc6 32. Bc4 e6 33. Nb4 Be5 34. Nxc6 Qc8 35. Ne7+ Kf7 36. Nxc8 Bxg3 37. Nxd6+ 1-0

[Event "41st Arco Open 2019"]
[Site "Arco"]
[Date "2019.10.09"]
[Round "6"]
[White "Kuhn, Tobias"]
[Black "Molnar, Bela"]
[Result "0-1"]
[ECO "A49"]
[WhiteElo "2234"]
[BlackElo "2305"]
[Annotator "ChessBase"]
[PlyCount "158"]
[EventDate "2019.10.04"]
[EventType "swiss"]
[EventCountry "ITA"]
[SourceTitle "playchess.com"]
[Source "ChessBase"]
[SourceQuality "1"]
[TimeControl "40/5400+30:1800+30"]

1. Nf3 Nf6 2. g3 g6 3. Bg2 Bg7 4. O-O O-O 5. d4 d6 6. b3 a5 7. a3 c5 8. Bb2 Ne4 9. Nbd2 Nxd2 10. Qxd2 Nc6 11. c4 Bg4 12. dxc5 Bxf3 13. Bxf3 dxc5 14. Qc2 Bxb2 15. Qxb2 Nd4 16. Bg2 Qb6 17. Rfb1 Rfd8 18. e3 Nc6 19. Qc3 Rd6 20. Rd1 Rad8 21. Bf3 f6 22. Rd5 Ne5 23. Be2 e6 24. Rxd6 Rxd6 25. f4 Nd7 26. Rd1 Rxd1+ 27. Bxd1 Qd6 28. Bf3 b6 29. Kf2 Kf7 30. Ke2 Ke7 31. Qc2 f5 32. h3 g5 33. Qc3 e5 34. Bd5 gxf4 35. exf4 Qh6 36. fxe5 Qxh3 37. Qe3 Qg4+ 38. Ke1 Qg7 39. e6 Ne5 40. Kf1 Ng4 41. Qf4 Qa1+ 42. Ke2 Qb2+ 43. Kf1 Qb1+ 44. Ke2 Qc2+ 45. Ke1 Qc3+ 46. Ke2 Qe5+ 47. Kf3 Nh2+ 48. Kg2 Qxf4 49. gxf4 Ng4 50. a4 Nf6 51. Kg3 Nh5+ 52. Kf3 Kf6 53. Ke3 Ke7 54. Kf3 h6 55. Ke3 Nf6 56. Kf3 Ng8 57. Kg3 Kf6 58. Kf3 Ne7 59. Kg3 Ng6 60. Kf3 h5 61. Kg3 h4+ 62. Kf3 Ke7 63. Ke3 h3 64. Kf3 h2 65. Kg3 Kf6 66. Bh1 Kxe6 67. Bd5+ Kf6 68. Bf3 Kg7 69. Bg2 Nf8 70. Bd5 Ne6 71. Bb7 Nd4 72. Kxh2 Ne2 73. Bf3 Nxf4 74. Kg3 Ne6 75. Bd1 Kf6 76. Kf3 Ke5 77. Ke3 Nd4 78. Kd3 f4 79. Kc3 f3 0-1

[Event "41st Arco Open 2019"]
[Site "Arco"]
[Date "2019.10.09"]
[Round "6"]
[White "Felgendreher, Heiko"]
[Black "Aditya Bikram Paul"]
[Result "1/2-1/2"]
[ECO "B45"]
[WhiteElo "2196"]
[BlackElo "1794"]
[Annotator "ChessBase"]
[PlyCount "108"]
[EventDate "2019.10.04"]
[EventType "swiss"]
[EventCountry "ITA"]
[SourceTitle "playchess.com"]
[Source "ChessBase"]
[SourceQuality "1"]
[TimeControl "40/5400+30:1800+30"]

1. e4 c5 2. Nf3 e6 3. d4 cxd4 4. Nxd4 Nf6 5. Nc3 Nc6 6. Ndb5 Bb4 7. a3 Bxc3+ 8. Nxc3 d5 9. exd5 exd5 10. Bd3 d4 11. Qe2+ Be6 12. Ne4 Nxe4 13. Qxe4 Qd5 14. O-O Qxe4 15. Bxe4 O-O-O 16. Re1 Rhe8 17. Bf4 h6 18. h4 Ne7 19. Rad1 Bf5 20. Bf3 Bxc2 21. Rc1 d3 22. Bd1 Nf5 23. Rxe8 Rxe8 24. Bxc2 dxc2 25. Rxc2+ Kd8 26. g3 Re4 27. Bb8 Nd4 28. Rc5 Nc6 29. Bf4 Ke7 30. Kg2 Re2 31. b4 Ra2 32. b5 Na5 33. Be3 Rxa3 34. Rc7+ Ke6 35. Bxa7 Rb3 36. Bd4 g6 37. b6 Nc6 38. Be3 Nd8 39. Rc8 Kd7 40. Rc7+ Ke6 41. Kh3 h5 42. Bg5 f6 43. Be3 Rd3 44. Rg7 Kf5 45. Re7 Rd5 46. Kg2 Rd3 47. Kf1 Rd6 48. Kg2 Rd5 49. Kh3 Re5 50. Rd7 Re8 51. Kg2 Ke6 52. Rg7 Kf5 53. Kf3 Rf8 54. Re7 Rf7 1/2-1/2

[Event "41st Arco Open 2019"]
[Site "Arco"]
[Date "2019.10.09"]
[Round "6"]
[White "De Santis, Alessio"]
[Black "Sarkar, Justin"]
[Result "0-1"]
[ECO "A26"]
[WhiteElo "2178"]
[BlackElo "2350"]
[Annotator "ChessBase"]
[PlyCount "74"]
[EventDate "2019.10.04"]
[EventType "swiss"]
[EventCountry "ITA"]
[SourceTitle "playchess.com"]
[Source "ChessBase"]
[SourceQuality "1"]
[TimeControl "40/5400+30:1800+30"]

1. Nf3 g6 2. c4 Bg7 3. g3 e5 4. d3 d6 5. Bg2 Nc6 6. Nc3 f5 7. Rb1 Nf6 8. O-O O-O 9. Bg5 h6 10. Bxf6 Bxf6 11. Nd5 Bg7 12. b4 g5 13. b5 Ne7 14. Nxe7+ Qxe7 15. Nd2 h5 16. e4 f4 17. Qxh5 g4 18. f3 Rf6 19. Qh4 Qe8 20. gxf4 Rxf4 21. Qg5 Kh7 22. fxg4 Rxg4 23. Qe3 Bh6 24. Qe2 Bf4 25. Rf2 Qh5 26. Nf1 Be6 27. Ng3 Qh4 28. Nf5 Qxh2+ 29. Kf1 Rag8 30. Qf3 Bxf5 31. exf5 Be3 32. Rbb2 Rxg2 33. Rxg2 Qh1+ 34. Ke2 Rxg2+ 35. Kxe3 Qh6+ 36. Ke4 Rxb2 37. f6 Qf4+ 0-1

[Event "41st Arco Open 2019"]
[Site "Arco"]
[Date "2019.10.09"]
[Round "6"]
[White "Shehzad, Shazil"]
[Black "Fecker, Noah"]
[Result "0-1"]
[ECO "B82"]
[WhiteElo "2140"]
[BlackElo "2240"]
[Annotator "ChessBase"]
[PlyCount "114"]
[EventDate "2019.10.04"]
[EventType "swiss"]
[EventCountry "ITA"]
[SourceTitle "playchess.com"]
[Source "ChessBase"]
[SourceQuality "1"]
[TimeControl "40/5400+30:1800+30"]

1. e4 c5 2. Nf3 e6 3. d4 cxd4 4. Nxd4 Nc6 5. Nc3 Qc7 6. Be3 a6 7. a3 Nf6 8. f4 d6 9. Qf3 e5 10. Nxc6 bxc6 11. Bc4 Ng4 12. O-O Nxe3 13. Qxe3 Qa7 14. Qxa7 Rxa7 15. Na4 exf4 16. Rxf4 Be6 17. Bxe6 fxe6 18. c4 Be7 19. Raf1 Bf6 20. Rd1 Ke7 21. Rf3 Rb8 22. Rfd3 Be5 23. b4 a5 24. c5 axb4 25. cxd6+ Bxd6 26. Rxd6 bxa3 27. Nc3 a2 28. Nxa2 Rxa2 29. e5 Rb7 30. Rxc6 Re2 31. Rdc1 Rxe5 32. Rc7+ Rxc7 33. Rxc7+ Kf6 34. Kf2 h5 35. Kf3 Ra5 36. g3 Ra3+ 37. Kg2 Ra2+ 38. Kh3 g5 39. g4 Ra3+ 40. Kg2 h4 41. Rc5 Ra4 42. Kh3 Rd4 43. Rc8 Ke5 44. Rg8 Rd3+ 45. Kg2 Kf4 46. Rg6 e5 47. h3 Rd2+ 48. Kf1 e4 49. Rf6+ Kg3 50. Rf5 Kxh3 51. Rxg5 Kg3 52. Rh5 Kxg4 53. Rh8 h3 54. Rg8+ Kf3 55. Rf8+ Ke3 56. Kg1 Rd7 57. Rh8 Kd2 0-1

[Event "41st Arco Open 2019"]
[Site "Arco"]
[Date "2019.10.09"]
[Round "6"]
[White "Tolhuizen, Ludo"]
[Black "Van den Bersselaar, Jeroen"]
[Result "1/2-1/2"]
[ECO "C68"]
[WhiteElo "2102"]
[BlackElo "2175"]
[Annotator "ChessBase"]
[PlyCount "25"]
[EventDate "2019.10.04"]
[EventType "swiss"]
[EventCountry "ITA"]
[SourceTitle "playchess.com"]
[Source "ChessBase"]
[SourceQuality "1"]
[TimeControl "40/5400+30:1800+30"]

1. e4 e5 2. Nf3 Nc6 3. Bb5 a6 4. Bxc6 dxc6 5. O-O Bg4 6. h3 h5 7. c3 Qd3 8. hxg4 hxg4 9. Nxe5 Bd6 10. Nxd3 Bh2+ 11. Kh1 Bg3+ 12. Kg1 Bh2+ 13. Kh1 1/2-1/2